 Dungeon Crawl Stone Soup version 0.28-a0-823-gb444dcf96d (webtiles) character file.

Game seed: 14899545564190882214

109 regjfnel the Vexing (level 4, -1/31 HPs)
             Began as a Spriggan Enchanter on Nov 10, 2021.
             Succumbed to Ijyb's poison
             ... on level 3 of the Dungeon.
             The game lasted 00:06:33 (3454 turns).

regjfnel the Vexing (Spriggan Enchanter)            Turns: 3454, Time: 00:06:34

Health: -1/31      AC: 22    Str:  5    XL:     4   Next: 59%
Magic:  5/11       EV:  4    Int: 16    God:
Gold:   61         SH:  0    Dex: 15    Spells: 4/12 levels left

rFire   . . .      SeeInvis +   a - +1 dagger
rCold   . . .      Faith    .   (shield restricted)
rNeg    . . .      Spirit   .   (armour currently unavailable)
rPois   +          Reflect  .   (helmet currently unavailable)
rElec   .          Harm     .   (cloak currently unavailable)
rCorr   .          Rampage  .   (gloves unavailable)
Will    .....      NoTele   +   (boots unavailable)
Stlth   +++.......              (no amulet)
HPRegen 0.10/turn               (no ring)
MPRegen 0.12/turn               (no ring)

@: lethally poisoned (-1 -> -19), tree-form
A: stationary, stasis, torment immunity, boosted hp, very small, no large
weapons, unfitting armour, see invisible, (speed 3)
a: no special abilities


You were on level 3 of the Dungeon.
You were a tree.
You visited 1 branch of the dungeon, and saw 3 of its levels.

You collected 61 gold pieces.

Inventory:

Hand Weapons
 a - a +1 dagger (weapon)
Missiles
 f - 26 poisoned darts (quivered)
Armour
 b - a +0 robe (melded)
Wands
 i - a wand of iceblast (8)
Potions
 d - a potion of cancellation
 g - a potion of brilliance {unknown}
 h - a potion of berserk rage {unknown}


   Skills:
 - Level 1.1 Short Blades
 - Level 2.6 Dodging
 - Level 4.4 Stealth
 + Level 4.6 Spellcasting
 + Level 5.2 Hexes


You had 4 spell levels left.
You knew the following spells:

 Your Spells              Type           Power      Damage    Failure   Level
a - Ensorcelled Hibernat  Hex/Ice        24%        N/A       9%          2
b - Tukima's Dance        Hex            20%        N/A       5%          3
c - Dazzling Flash        Conj/Hex       24%        N/A       16%         3

Your spell library contained the following spells:

 Spells                   Type           Power      Damage    Failure   Level
 Confusing Touch          Hex            20%        N/A       5%          3


Dungeon Overview and Level Annotations

Branches:
Dungeon (3/15)

Altars:

Annotations:
D:3 Ijyb


Innate Abilities, Weirdness & Mutations

You are a tree.
Your roots penetrate the ground, keeping you stationary.
You cannot be teleported.
You are immune to unholy pain and torment.
Your maximum health is greatly increased.
Your equipment is partially melded.
You are very small and have problems with some larger weapons.
You are too small for most types of armour.
You have supernaturally acute eyesight. (SInv)
((You cover ground extremely quickly. (Speed+++)))


Message History

You throw a poisoned dart. The poisoned dart closely misses Ijyb.
Unknown command.
Unknown command.
Casting: Ensorcelled Hibernation (safe; 9% risk of failure)
Confirm with . or Enter, or press ? or * to list all spells.
Aiming: Ensorcelled Hibernation (safe; 9% risk of failure)
Press: ? - help, Shift-Dir - straight line, f/p - Ijyb
Aim: Ijyb, wielding a +0 dagger of venom, wearing a +0 leather armour and carrying a wand of flame (25) (lightly wounded, poisoned, chance to affect: 51%) Ijyb resists with some effort.
Ijyb zaps a wand.
The puff of flame hits you!
* * * LOW HITPOINT WARNING * * *
Casting: Ensorcelled Hibernation (safe; 9% risk of failure)
Confirm with . or Enter, or press ? or * to list all spells.
Aiming: Ensorcelled Hibernation (safe; 9% risk of failure)
Press: ? - help, Shift-Dir - straight line, f/p - Ijyb
Aim: Ijyb, wielding a +0 dagger of venom, wearing a +0 leather armour and carrying a wand of flame (24) (lightly wounded, poisoned, chance to affect: 51%) Ijyb resists with some effort.
Ijyb zaps a wand.
The puff of flame misses you.
Unknown command.
Casting: Ensorcelled Hibernation (safe; 9% risk of failure)
Confirm with . or Enter, or press ? or * to list all spells.
Aiming: Ensorcelled Hibernation (safe; 9% risk of failure)
Press: ? - help, Shift-Dir - straight line, f/p - Ijyb
Aim: Ijyb, wielding a +0 dagger of venom, wearing a +0 leather armour and carrying a wand of flame (23) (lightly wounded, poisoned, chance to affect: 51%) Ijyb looks drowsy...
Unknown command.
The helpless Ijyb fails to defend herself.
You puncture Ijyb!
Ijyb is almost dead.
Ijyb looks more healthy.
The scorpion zombie misses you.
Ijyb hits you with a +0 dagger of venom.
* * * LOW HITPOINT WARNING * * *
You are lethally poisoned!
It was a potion of lignification.
You turn into a tree.
Your +0 robe melds into your body.
Your roots penetrate the ground.
* * * LOW HITPOINT WARNING * * *
You feel sick.
The scorpion zombie hits you but does no damage.
Ijyb hits you but does no damage.
You are more poisoned.
It was a potion of flight.
Your roots keep you in place.
You die...

.#.......#.##.#.#.#....
.......#.#.##.#.#.# ##..
....#.........#...#.....
...........#..#.....#
..#.#......#..##.##.#
......<#..##..##.# ####
..#.#.....##).##.##.....
...........Z.##(.......
....#...#.#.♣g.....(....
....#.....#.#.###.......
... #..<....#.###.......
.. #..####.#...########
.... ...#..8.## .....
#.#.....## ..###
#..8...8.# ..
#####...)...#
........<...#


You could see Ijyb and a scorpion zombie.

Vanquished Creatures
  5 adders (D:2)
  A worm (D:2)
  2 dart slugs
  8 ball pythons
  5 endoplasms
  A giant cockroach (D:1)
  4 hobgoblins (D:1)
  2 jackals (D:1)
  5 kobolds
  A quokka (D:1)
  8 bats
  2 frilled lizards
  5 goblins
  3 rats
52 creatures vanquished.

Vanquished Creatures (collateral kills)
  A quokka (D:2)
1 creature vanquished.

Grand Total: 53 creatures vanquished

Notes
Turn   | Place    | Note
-------+----------+-------------------------------------------
     0 | D:1      | regjfnel the Spriggan Enchanter began the quest for the
                  | Orb.
     0 | D:1      | Reached XP level 1. HP: 9/9 MP: 5/5
   515 | D:1      | Reached skill level 4 in Hexes
   515 | D:1      | Reached XP level 2. HP: 2/13 MP: 7/7
   668 | D:1      | Learned a level 2 spell: Ensorcelled Hibernation
  1434 | D:1      | Reached XP level 3. HP: 16/16 MP: 9/9
  1438 | D:1      | Learned a level 3 spell: Tukima's Dance
  1442 | D:1      | Learned a level 3 spell: Dazzling Flash
  2169 | D:2      | Reached XP level 4. HP: 20/21 MP: 6/11
  2326 | D:2      | Reached skill level 5 in Hexes
  3420 | D:3      | Noticed Ijyb
  3454 | D:3      | Succumbed to Ijyb's poison

Illustrated notes

Levels and vault maps discovered:
D:1:      minmay_arrival_split_and_join, layout_loops_ring
D:2:      layout_basic
D:3:      layout_basic, nicolae_tso_swordbearing_angel, kennysheep_donut,
          grunt_ministairs_2, uniq_ijyb

Skill      XL: |  1  2  3  4 |
---------------+-------------+-----
Spellcasting   | 3 4 |  4.6
Hexes          | 4 5 |  5.2
Short Blades   | |  1.1
Dodging        | |  2.6
Stealth        | |  4.4

Action                   |  1- 3 |  4- 6 || total
-------------------------+-------+-------++-------
Melee: Dagger            |   122 |    36 ||   158
Throw: Dart              |       |     4 ||     4
 Cast: Ensorcelled Hiber |    10 |     8 ||    18
  Use: Potion            |     3 |     2 ||     5
       Scroll            |     1 |     2 ||     3
 Stab: Sleeping          |    17 |    14 ||    31
Armor: Robe              |    17 |     2 ||    19
       Skin              |       |     2 ||     2
Dodge: Dodged            |   113 |    22 ||   135

Table legend: (Time is in decaauts)
 A = Elapsed time spent in this place.
 B = Non-inter-level travel time spent in this place.
 C = Inter-level travel time spent in this place.
 D = Time resting spent in this place.
 E = Time spent auto-exploring this place.
 F = Levels seen in this place.
 G = Mean time per level.
                   A        B        C        D        E       F      G
               +--------+--------+--------+--------+--------+-----+--------+
         Total |   2771 |   2744 |     27 |    307 |   1964 |   3 |  923.7 |
       Dungeon |   2771 |   2744 |     27 |    307 |   1964 |   3 |  923.7 |
               +--------+--------+--------+--------+--------+-----+--------+

Top non-repeatable levels by time:
     D:1: 1505 daAuts
     D:2: 1215 daAuts
     D:3: 51 daAuts
